 Dungeon Crawl Stone Soup version 0.20-a0-540-ge6d1839 (webtiles) character file.

2774 Asddderdsw the Gusty (level 9, -3/94 HPs)
             Began as a Yellow Draconian Air Elementalist on Jan 30, 2017.
             Slain by a troll (12 damage)
             ... on level 9 of the Dungeon.
             The game lasted 01:16:08 (8142 turns).

Asddderdsw the Gusty (DrAE)                         Turns: 8142, Time: 01:16:09

Health: -3/94      AC: 12    Str: 18    XL:     9   Next: 42%
Magic:  0/17       EV: 20    Int: 18    God:
Gold:   521        SH:  0    Dex: 12    Spells: 5/18 levels left

rFire    . . .     SeeInvis .   s - +0 lajatang
rCold    . . .     Gourm    .   (armour unavailable)
rNeg     . . .     Faith    .   (shield currently unavailable)
rPois    +         Spirit   +   (helmet restricted)
rElec    .         Reflect  .   w - +0 cloak
rCorr    +         Harm     .   O - +2 pair of gloves
MR       .....                  t - +0 pair of boots
Stlth    ..........             Q - amulet of guardian spirit
Regen    0.3/turn               J - +6 ring of evasion
                                z - ring of poison resistance

@: berserking, short of breath, repel missiles, very quick
A: spit acid, acid resistance, unfitting armour, blink, frail 1, mutation
resistance 1, strong 1, cold-blooded, AC +7
a: Breathe Acid, Blink


You were on level 9 of the Dungeon.
You were hungry.

You visited 1 branch of the dungeon, and saw 9 of its levels.

You collected 521 gold pieces.

Inventory:

Hand Weapons
 d - a +0 whip
 f - a +0 dagger of speed
 q - a +0 flail
 r - a +2 dagger of venom
 s - a +0 lajatang (weapon)
 A - a +0 morningstar
 K - a +4 quarterstaff of chaos
 M - a +2 dagger of draining
Missiles
 e - 248 stones (quivered)
 y - 64 arrows
 D - 3 javelins
 N - 5 javelins of penetration
Armour
 t - a +0 pair of boots (worn)
 w - a +0 cloak (worn)
 O - a +2 pair of gloves (worn)
Jewellery
 i - a +2 ring of dexterity
 z - a ring of poison resistance (left hand)
 J - a +6 ring of evasion (right hand)
 Q - an amulet of guardian spirit (around neck)
Wands
 c - a wand of iceblast (8/15)
 x - a wand of acid (0/15)
 G - a wand of flame (22/48)
 P - a wand of random effects (17/48)
Scrolls
 h - 3 scrolls of remove curse
 j - a scroll of random uselessness {unknown}
 n - 2 scrolls of fear {unknown}
 o - a scroll of noise {unknown}
 p - 2 scrolls of enchant weapon {unknown}
 v - a scroll of amnesia {unknown}
 B - a scroll of blinking {unknown}
 H - a scroll of enchant armour {unknown}
 L - a scroll of recharging {unknown}
Potions
 m - a potion of agility
 u - a potion of magic
 C - 2 potions of might
 E - a potion of mutation
 F - 2 potions of flight
Books
 a - a book of Air

   Spells                             Type                      Level
   a - Shock                          Conjuration/Air              1
   b - Swiftness                      Charms/Air                   2
   c - Repel Missiles                 Charms/Air                   2
   d - Static Discharge               Conjuration/Air              3
   e - Lightning Bolt                 Conjuration/Air              5
Comestibles
 b - 3 bread rations
 g - a fruit
 k - 2 royal jellies
 l - 4 meat rations
 R - 8 chunks of flesh


   Skills:
 + Level 3.4 Fighting
 + Level 5.5(5.7) Maces & Flails
 + Level 2.0(4.1) Staves
 + Level 4.2 Dodging
 + Level 3.2 Stealth
 + Level 5.3 Spellcasting
 + Level 5.3 Conjurations
 + Level 0.3 Charms
 + Level 6.3 Air Magic
 + Level 0.4 Evocations


You had 5 spell levels left.
You knew the following spells:

 Your Spells              Type           Power        Failure   Level  Hunger
a - Shock                 Conj/Air       ####         1%          1    None
b - Repel Missiles        Chrm/Air       ###...       6%          2    #......
c - Swiftness             Chrm/Air       ###.....     6%          2    #......
d - Static Discharge      Conj/Air       ####....     3%          3    ##.....
e - Lightning Bolt        Conj/Air       ####......   34%         5    ######.


Dungeon Overview and Level Annotations

Branches:
Dungeon (9/15)             Temple (0/1) D:6
   Lair: D:8-11         Orc: D:9-12

Altars:
Elyvilon
Kikubaaqudgha
Nemelex Xobeh
Sif Muna
Uskayaw

Shops:
D:8 =

Annotations:
D:4 Menkaure


Innate Abilities, Weirdness & Mutations

You can spit globs of acid.
You are resistant to acid.
Your golden yellow scales are hard. (AC +7)
You cannot fit into any form of body armour.
You are cold-blooded and may be slowed by cold attacks.
You can translocate small distances at will.
You are frail. (-10% HP)
You are somewhat resistant to further mutation.
Your muscles are strong. (Str +2)


Message History

The troll closely misses you. The troll claws you!
* * * LOW HITPOINT WARNING * * *
You completely miss the troll.
The troll is severely wounded.
The troll completely misses you. The troll claws you.
* * * LOW HITPOINT WARNING * * *
The troll closely misses you.
You slash the troll!
The troll is almost dead.
You closely miss the troll.
The troll is almost dead.
The troll misses you. The troll claws you but does no damage.
The troll claws you.
* * * LOW HITPOINT WARNING * * *
You barely miss the troll.
The troll is almost dead.
The troll bites you.
* * * LOW HITPOINT WARNING * * *
The troll closely misses you. The troll claws you!
You die...

.. ... ##### ... #...+
... #...#
...###+#########@..#
........#.......T..#
###.....#..........#
..#..##.#..........#
..#..##.######'#...#
..'..##......รทรท#...#
..#..##......(h#...#
..#.......###..#...#
..######..# #..#...#


You could see a troll and a wolf.

Vanquished Creatures
  A spriggan (D:8)
  An ice beast (D:6)
  A black bear (D:7)
  A sky beast (D:5)
  Purgy (D:3)
  A phantom (D:4)
  A necrophage (D:9)
  5 ogres
  2 wolves (D:9)
  A centaur (D:4)
  A water moccasin zombie (D:6)
  3 scorpions
  3 crimson imps
  Crazy Yiuf (D:4)
  A jelly (D:7)
  6 hounds
  4 orc priests
  4 bullfrog skeletons
  An iguana (D:4)
  Ijyb (D:4)
  Jessica (D:3)
  3 orc wizards
  5 worker ants
  A killer bee zombie (D:7)
  2 hound zombies
  4 gnolls
  2 howler monkey skeletons
  7 adders
  A shadow imp (D:7)
  An adder zombie (D:6)
  An adder skeleton (D:5)
  8 worms
  3 dart slugs
  5 leopard geckos
  29 orcs
  A ball python (D:3)
  5 bats
  6 giant cockroaches
  20 goblins
  13 hobgoblins
  10 jackals
  12 kobolds
  3 quokkas
  4 frilled lizards
  A giant cockroach zombie (D:5)
  A leopard gecko skeleton (D:6)
  7 rats
196 creatures vanquished.

Notes
Turn   | Place    | Note
-------+----------+-------------------------------------------
     0 | D:1      | Asddderdsw the Draconian Air Elementalist began the quest for the Orb.
     0 | D:1      | Reached XP level 1. HP: 14/14 MP: 3/3
   310 | D:1      | Reached XP level 2. HP: 20/20 MP: 0/5
   316 | D:1      | Learned a level 2 spell: Repel Missiles
   319 | D:1      | Learned a level 2 spell: Swiftness
   972 | D:2      | Reached XP level 3. HP: 8/26 MP: 1/6
  1207 | D:2      | Found an ancient bone altar of Kikubaaqudgha.
  1208 | D:2      | Found a white marble altar of Elyvilon.
  1372 | D:2      | Reached skill level 1 in Maces & Flails
  1631 | D:3      | Noticed Jessica
  1640 | D:3      | Killed Jessica
  1640 | D:3      | Reached XP level 4. HP: 32/34 MP: 1/7
  2025 | D:3      | Learned a level 3 spell: Static Discharge
  2437 | D:3      | Reached XP level 5. HP: 24/39 MP: 4/9
  2685 | D:3      | Noticed Purgy
  2711 | D:3      | Killed Purgy
  2711 | D:3      | Reached skill level 4 in Air Magic
  2919 | D:4      | Reached XP level 6. HP: 39/46 MP: 10/10
  2966 | D:4      | Found a runed door.
  2996 | D:4      | Noticed Ijyb
  3020 | D:4      | Killed Ijyb
  3020 | D:4      | Reached skill level 1 in Fighting
  3122 | D:4      | Found a hide-covered altar of Uskayaw.
  3615 | D:4      | Your scales start taking on a golden yellow colour.
  3615 | D:4      | Reached XP level 7. HP: 9/52 MP: 5/12
  3758 | D:5      | Entered Level 5 of the Dungeon
  3967 | D:5      | Learned a level 5 spell: Lightning Bolt
  4307 | D:5      | Reached skill level 5 in Air Magic
  4310 | D:5      | Gained mutation: Your muscles are strong. (Str +2) [mutagenic meat]
  4311 | D:5      | Gained mutation: You can translocate small distances at will. [mutagenic meat]
  4312 | D:5      | Gained mutation: You are frail. (-10% HP) [mutagenic meat]
  4313 | D:5      | Gained mutation: You are somewhat resistant to further mutation. [mutagenic meat]
  4750 | D:5      | Reached XP level 8. HP: 51/54 MP: 14/14
  4775 | D:5      | Found a deep blue altar of Sif Muna.
  4975 | D:6      | Found a staircase to the Ecumenical Temple.
  5002 | D:6      | Found a sparkling altar of Nemelex Xobeh.
  5806 | D:4      | Noticed Menkaure
  6028 | D:4      | Noticed Crazy Yiuf
  6036 | D:4      | Killed Crazy Yiuf
  6144 | D:4      | Reached skill level 5 in Maces & Flails
  6531 | D:7      | Noticed a hornet
  6905 | D:7      | Reached skill level 6 in Air Magic
  6915 | D:7      | Reached XP level 9. HP: 53/62 MP: 0/16
  6958 | D:7      | Reached skill level 5 in Conjurations
  7076 | D:7      | Reached skill level 1 in Staves
  7574 | D:8      | Reached skill level 5 in Spellcasting
  7681 | D:8      | Found Utwurot's Jewellery Shop.
  7720 | D:8      | Noticed a two-headed ogre
  8118 | D:9      | Noticed a troll
  8142 | D:9      | Slain by a troll

Vault maps used:
D:1:      co_arrival_square_in_a_square_in_a_square
D:2:      chequers_temple_overflow_statue_of_worship, first_bread
D:3:      cheibrodos_greedy_goblins, uniq_jessica, uniq_purgy
D:4:      kennysheep_the_goblin_king, eat_drink_and_be_merry_uskayaw,
          uniq_eustachio, uniq_crazy_yiuf_cottage, uniq_menkaure
D:5:      led_sif_pool
D:6:      nemelex_xobeh_ov_fountains_minmay, minmay_temple_entry_glassed_door,
          hangedman_decor_peaks_small
D:7:      the_bakery
D:8:      serial_shops, shop_coins, kennysheep_generic_room_5
D:9:      erik_lair_island, basic_altar

Skill      XL: |  1  2  3  4  5  6  7  8  9 |
---------------+----------------------------+-----
Dodging        | 2 3 4 |  4.2
Stealth        | 2 3 |  3.2
Maces & Flails | 1 2 3 5 |  5.5
Conjurations   | 2 3 4 5 |  5.3
Spellcasting   | 3 4 5 |  5.3
Air Magic      | 4 5 6 |  6.3
Fighting       | 1 2 3 |  3.4
Staves         | 2 |  2.0
Charms         | |  0.3
Evocations     | |  0.4

Action                   |  1- 3 |  4- 6 |  7- 9 || total
-------------------------+-------+-------+-------++-------
Melee: Whip              |    99 |     6 |       ||   105
       Tailslap          |    10 |     4 |    20 ||    34
       Flail             |       |    56 |       ||    56
       Morningstar       |       |    36 |   136 ||   172
       Dagger            |       |     3 |       ||     3
       Quarterstaff      |       |       |    19 ||    19
       Lajatang          |       |       |    26 ||    26
Throw: Stone             |       |       |     5 ||     5
 Cast: Shock             |    65 |    95 |   245 ||   405
       Repel Missiles    |     3 |       |       ||     3
       Static Discharge  |       |     2 |     1 ||     3
       Swiftness         |       |       |     1 ||     1
 Abil: Breathe Acid      |       |       |    13 ||    13
       Blink             |       |       |     9 ||     9
Evoke: Wand              |       |       |     3 ||     3
  Use: Potion            |       |     1 |     6 ||     7
       Scroll            |       |     1 |    10 ||    11
 Stab: Sleeping          |     2 |     1 |     1 ||     4
       Invisible         |       |       |     1 ||     1
  Eat: Chunk             |     4 |     6 |    13 ||    23
       Fruit             |       |     1 |     7 ||     8
       Royal jelly       |       |       |     1 ||     1
Armor: Skin              |    28 |    39 |   107 ||   174
Dodge: Dodged            |    74 |    88 |   224 ||   386
       Deflected         |     4 |     1 |       ||     5
